 Dungeon Crawl Stone Soup version 0.18.1-50-g88ac8fd (webtiles) character file.

103 Nordron the Firebug (level 4, -4/24 HPs)
             Began as a Gargoyle Fire Elementalist on Sept 27, 2016.
             Slain by an iguana (13 damage)
             ... on level 4 of the Dungeon.
             The game lasted 00:10:02 (2871 turns).

Nordron the Firebug (Gargoyle Fire Elementalist)    Turns: 2871, Time: 00:10:03

Health: -4/24      AC:  5    Str: 11    XL:     4   Next: 79%
Magic:  5/9        EV: 12    Int: 17    God:
Gold:   182        SH:  0    Dex: 10    Spells: 3 memorised, 2 levels left

rFire  . . .     SeeInvis .     n - +0 whip
rCold  . . .     Gourm    .     a - +0 robe
rNeg   + . .     Faith    .     (no shield)
rPois  ∞         Spirit   .     (no helmet)
rElec  +         Dismiss  .     (no cloak)
rCorr  .         Reflect  .     (no gloves)
SustAt .         Harm     .     (no boots)
MR     +....                    (no amulet)
Stlth  ++........               (no ring)
                                g - ring of protection from magic

@: somewhat resistant to hostile enchantments, unstealthy
A: negative energy resistance 1, electricity resistance, unbreathing,
petrification resistance, rot immunity, AC +3
a: no special abilities


You were on level 4 of the Dungeon.
You were not hungry.

You visited 1 branch of the dungeon, and saw 4 of its levels.

You collected 182 gold pieces.

Inventory:

Hand Weapons
 n - a +0 whip (weapon)
Armour
 a - a +0 robe (worn)
 w - a +1 leather armour of cold resistance
Jewellery
 g - a ring of protection from magic (left hand)
 y - an uncursed ring of poison resistance {unknown}
Scrolls
 e - a scroll of teleportation {unknown}
 f - 2 scrolls of amnesia {unknown}
 h - 2 scrolls of identify {unknown}
 m - 2 scrolls of blinking {unknown}
 p - 2 scrolls of magic mapping {unknown}
 r - 4 scrolls of remove curse {unknown}
 s - 3 scrolls of random uselessness {unknown}
 v - a scroll of enchant weapon {unknown}
 x - a scroll of recharging {unknown}
Potions
 j - 2 potions of curing {unknown}
 k - a potion of lignification {unknown}
 o - a potion of heal wounds {unknown}
 q - a potion of might {unknown}
 u - 2 potions of degeneration {unknown}
 z - 2 potions of berserk rage {unknown}
Books
 b - a book of Flames

   Spells                             Type                      Level
   a - Flame Tongue                   Conjuration/Fire             1
   b - Throw Flame                    Conjuration/Fire             2
   c - Conjure Flame                  Conjuration/Fire             3
   d - Inner Flame                    Hexes/Fire                   3
   e - Sticky Flame                   Conjuration/Fire             4
   f - Fireball                       Conjuration/Fire             5
Comestibles
 c - 2 bread rations
 d - a chunk of flesh
 i - a beef jerky
 l - 4 fruits
 t - a royal jelly


   Skills:
 - Level 1.5 Dodging
 - Level 2.1 Stealth
 * Level 3.5 Spellcasting
 + Level 2.4 Conjurations
 + Level 3.6 Fire Magic


You had 2 spell levels left.
You knew the following spells:

 Your Spells              Type           Power        Failure   Level  Hunger
a - Flame Tongue          Conj/Fire      ##...        6%          1    None
b - Conjure Flame         Conj/Fire      ##......     17%         3    ###....
c - Sticky Flame          Conj/Fire      ##......     58%         4    ####...


Dungeon Overview and Level Annotations

Branches:
Dungeon (4/15)
 Temple: D:4-7

Altars:
Pakellas
Yredelemnul

Shops:
D:3 }

Annotations:
D:4 Edmund, Menkaure, Pikel


Innate Abilities, Weirdness & Mutations

You are resistant to torment.
Your stone body is resilient (AC +3).
You are immune to poison.
You resist negative energy.
You are resistant to electric shocks.
You can survive without breathing.
You are immune to petrification.
You are immune to rotting.


Message History

Casting: Flame Tongue
Confirm with . or Enter, or press ? or * to list all spells.
Aiming: Flame Tongue
Press: ? - help, Shift-Dir - straight line, f/p - iguana
Aim: an iguana (moderately wounded)
The flame tongue misses the iguana.
The iguana bites you.
Casting: Flame Tongue
Confirm with . or Enter, or press ? or * to list all spells.
The spell is very dangerous to cast!
Continue anyway?
Okay, then.
Casting: Flame Tongue
Confirm with . or Enter, or press ? or * to list all spells.
Aiming: Flame Tongue
Press: ? - help, Shift-Dir - straight line, f/p - iguana
Aim: an iguana (moderately wounded)
The flame tongue hits the iguana.
The iguana is moderately wounded.
The iguana bites you!
Ouch! That really hurt!
You die...

### #.# #.
#.####
#..###.##.#
#......l@##
##...##.###
##... #.##
##.... #.#
......##.#
#.....##
###....#
##.#..#
##.####


You could see an iguana.

Vanquished Creatures
  A slave (D:3)
  An iguana (D:4)
  An adder (D:2)
  3 worms (D:2)
  3 dart slugs (D:1)
  2 giant geckos
  2 orcs (D:3)
  2 giant cockroaches
  3 hobgoblins
  2 quokkas (D:3)
  A ball python (D:2)
  8 bats
  6 giant newts
  8 goblins
  6 kobolds
  5 rats
54 creatures vanquished.

Notes
Turn   | Place    | Note
--------------------------------------------------------------
     0 | D:1      | Nordron the Gargoyle Fire Elementalist began the quest for the Orb.
     0 | D:1      | Reached XP level 1. HP: 10/10 MP: 3/3
    92 | D:1      | Reached XP level 2. HP: 14/15 MP: 0/5
   620 | D:2      | Found a faded altar to an unknown god.
   625 | D:2      | Reached XP level 3. HP: 19/19 MP: 4/7
  1288 | D:2      | Found a basalt altar of Yredelemnul.
  1396 | D:2      | Reached XP level 4. HP: 24/24 MP: 5/8
  1401 | D:2      | Learned a level 3 spell: Conjure Flame
  1406 | D:2      | Learned a level 4 spell: Sticky Flame
  1716 | D:3      | Found an oddly glowing altar of Pakellas.
  1716 | D:3      | Found Pakellas's Prime Provisions.
  2400 | D:4      | Noticed Edmund
  2406 | D:4      | Noticed Menkaure
  2477 | D:4      | Noticed a slave
  2478 | D:4      | Noticed Pikel
  2478 | D:4      | Noticed a slave
  2478 | D:4      | Noticed a slave
  2479 | D:4      | Noticed a slave
  2508 | D:3      | Killed a slave
  2871 | D:4      | Slain by an iguana

Skill      XL: |  1  2  3 |
---------------+----------+-----
Spellcasting   | 3 |  3.5
Conjurations   | 2 |  2.4
Dodging        | |  1.5
Stealth        | |  2.1
Fire Magic     | |  3.6

Action                   |  1- 3 |  4- 6 || total
-------------------------+-------+-------++-------
Melee: Dagger            |    23 |       ||    23
       Unarmed           |     6 |       ||     6
       Whip              |    17 |    11 ||    28
 Cast: Flame Tongue      |    62 |    38 ||   100
  Eat: Chunk             |     2 |     1 ||     3
       Bread ration      |       |     1 ||     1
Armor: Robe              |    27 |     9 ||    36
Dodge: Dodged            |    32 |    10 ||    42
